 Dungeon Crawl Stone Soup version 0.27-a0-1497-gf8f22f7954 (webtiles) character file.

Game seed: 6713736685606150927

124 Majang the Chopper (level 4, -11/39 HPs)
             Began as a Palentonga Fighter on July 7, 2021.
             Killed from afar by Sigmund (13 damage)
             ... with a puff of flame
             ... on level 2 of the Dungeon.
             The game lasted 00:06:28 (2014 turns).

Majang the Chopper (Palentonga Fighter)             Turns: 2014, Time: 00:06:28

Health: -11/39     AC:  6    Str: 19 (21) XL:     4   Next: 81%
Magic:  4/4        EV:  5    Int:  6 (8)  God:
Gold:   71         SH:  8    Dex:  8 (9)  Spells: 3/3 levels left

rFire    . . .     SeeInvis +   a - +0 war axe
rCold    . . .     Faith    .   c - +0 kite shield
rNeg     . . .     Spirit   .   b - +0 scale mail
rPois    .         Reflect  .   (no helmet)
rElec    .         Harm     .   (no cloak)
rCorr    .         Rampage  .   (no gloves)
Will     .....                  (no barding)
Stlth    ..........             (no amulet)
HPRegen  0.13/turn              (no ring)
MPRegen  0.09/turn              (no ring)

@: mighty
A: large, rugged brown scales 3, see invisible, deformed body, roll 1, armoured
tail
a: Rolling Charge


You were on level 2 of the Dungeon.
You visited 1 branch of the dungeon, and saw 2 of its levels.

You collected 71 gold pieces.

Inventory:

Hand Weapons
 a - a +0 war axe (weapon)
Missiles
 j - 3 throwing nets
Armour
 b - a +0 scale mail (worn)
 c - a +0 kite shield (worn)
Magical Staves
 h - a staff of conjuration
Scrolls
 e - a scroll of enchant armour {unknown}
 f - a scroll of blinking {unknown}
 g - a scroll of noise {unknown}
 i - a scroll of immolation {unknown}
 m - a scroll of magic mapping {unknown}


   Skills:
 + Level 4.0 Fighting
 * Level 4.3 Axes
 - Level 2.4 Armour
 - Level 2.4 Shields


You had 3 spell levels left.
You didn't know any spells.
Your spell library contained the following spells:

 Spells                   Type           Power      Damage    Failure   Level
 Call Canine Familiar     Summ           0%         N/A       100%        3
 Inner Flame              Hex/Fire       0%         N/A       100%        3
 Portal Projectile        Hex/Tloc       0%         N/A       100%        3
 Cause Fear               Hex            0%         N/A       100%        4
 Leda's Liquefaction      Hex/Erth       0%         N/A       100%        4
 Discord                  Hex            0%         N/A       100%        8


Dungeon Overview and Level Annotations

Branches:
Dungeon (2/15)

Altars:

Annotations:
D:2 Sigmund


Innate Abilities, Weirdness & Mutations

You are completely covered in rugged brown scales. (AC +3, +7% HP)
You have supernaturally acute eyesight. (SInv)
Armour fits poorly on your strangely shaped body.
You can roll at nearby foes to attack.
You have a long armoured tail.


Message History

You block Sigmund's attack. You block Sigmund's attack.
Sigmund hits you but does no damage. Sigmund hits you but does no damage.
You feel less wooden.
Your +0 scale mail unmelds from your body.
Sigmund hits you from afar with a +0 scythe.
Roll where?
Press: ? - help, Dir - move target, f - Sigmund
Aim: Sigmund, wielding a +0 scythe, wearing a +0 robe and wearing a ring of wizardry (slightly transparent)
You roll forward with a clatter of scales!
You closely miss Sigmund. Sigmund gestures at you while chanting.
You are confused.
You barely miss Sigmund. Sigmund hits you with a +0 scythe. x2
Sigmund hits you from afar with a +0 scythe.
Sigmund gestures at you while chanting.
You are more confused.
You bump into the rock wall.
Sigmund hits you from afar with a +0 scythe.
You aren't carrying any potions.
Unknown command.
You bump into the rock wall.
Sigmund points at you and mumbles some strange words.
The magic dart hits you.
You bump into the rock wall.
Sigmund hits you from afar with a +0 scythe.
You bump into the rock wall.
Sigmund hits you from afar with a +0 scythe!
* * * LOW HITPOINT WARNING * * *
Unknown command.
You're too confused to move!
You bump into the rock wall.
Sigmund casts a spell.
Sigmund flickers and vanishes for a moment.
You bump into the rock wall.
You feel less confused.
Sigmund points at you and mumbles some strange words.
The puff of flame hits you!
You die...

#..##.###..#
#.#.#.# ...##.#
##.###.#...#
#.###.#
#..##.#.########
#.....#
#..##.#.........
########
#...#.#.#.......
.......#
#.#.#)#.@.......
.......#
#.#...#.#.......
.......#
#.#..##.#.......
####...#
#.#...#@#.......
# #..>#
#.#...#.#####.##
# #...#
#.#...#.# .. #
#...#
#.#...#.##### #
# #####
#.#..<#.#...# #
#.#.....#...# #
#.#.....#...## #
#.#.....'....# #
#.'....>#....#


You could see Sigmund (invisible).

Vanquished Creatures
  7 gnolls (D:2)
  2 adders (D:2)
  A worm (D:2)
  3 dart slugs
  5 ball pythons
  An endoplasm (D:2)
  3 goblins (D:1)
  A hobgoblin (D:1)
  4 jackals (D:1)
  A bat (D:1)
  A frilled lizard (D:1)
  4 kobolds
  3 rats (D:1)
36 creatures vanquished.

Notes
Turn   | Place    | Note
-------+----------+-------------------------------------------
     0 | D:1      | Majang the Palentonga Fighter began the quest for the Orb.
     0 | D:1      | Reached XP level 1. HP: 19/19 MP: 1/1
   122 | D:1      | Reached XP level 2. HP: 25/25 MP: 2/2
   908 | D:2      | Reached XP level 3. HP: 31/31 MP: 3/3
  1198 | D:2      | Reached XP level 4. HP: 39/39 MP: 4/4
  1534 | D:2      | Found a faded altar of an unknown god.
  1951 | D:2      | Noticed Sigmund
  2009 | D:2      | HP: 1/39 [Sigmund (11)]
  2014 | D:2      | Killed from afar by Sigmund

Illustrated notes

Levels and vault maps discovered:
D:1:      dpeg_arrival_rooms_b, layout_basic, minivault_27,
          minmay_misc_feat_secret_circle, st_stairs_3
D:2:      layout_basic, hellmonk_ecumenical_altar_leap_of_faith,
          uniq_crazy_yiuf_cottage, uniq_sigmund

Skill      XL: |  1  2  3  4 |
---------------+-------------+-----
Axes           | 3 4 |  4.3
Fighting       | 4 |  4.0
Armour         | |  2.4
Shields        | |  2.4

Action                   |  1- 3 |  4- 6 || total
-------------------------+-------+-------++-------
Melee: War axe           |    67 |    31 ||    98
       Tailslap          |     4 |     6 ||    10
 Abil: Rolling Charge    |    10 |     6 ||    16
  Use: Potion            |       |     3 ||     3
Armor: Scale mail        |    42 |     5 ||    47
       Skin              |       |    29 ||    29
Dodge: Dodged            |    14 |    14 ||    28
Block: Kite shield       |    28 |    28 ||    56

Table legend: (Time is in decaauts)
 A = Elapsed time spent in this place.
 B = Non-inter-level travel time spent in this place.
 C = Inter-level travel time spent in this place.
 D = Time resting spent in this place.
 E = Time spent auto-exploring this place.
 F = Levels seen in this place.
 G = Mean time per level.
                   A        B        C        D        E       F      G
               +--------+--------+--------+--------+--------+-----+--------+
         Total |   2070 |   2053 |     17 |    610 |   1022 |   2 | 1035.0 |
       Dungeon |   2070 |   2053 |     17 |    610 |   1022 |   2 | 1035.0 |
               +--------+--------+--------+--------+--------+-----+--------+

Top non-repeatable levels by time:
     D:1: 1037 daAuts
     D:2: 1033 daAuts
